AoeStats
← G2_pizza

Arena

508400361Analyzed
4v4 RM · 10d ago on Sep 22, 2026· 29m 33s· 8 players
Game mode
Random Map
Map size
Large (8 player)
Population
200
Speed
Normal
Resources
Standard
Victory
Conquest
Starting age
Dark Age
Ending age
Imperial Age
RankedLock teamsTeams togetherTeam positionsShared explorationLock speedFull tech treeHidden civsTurbo modeCheats
Victory
Defeat
🇨🇳 Magyars · China
1497
+10
🇨🇳 Aztecs · China
1478
+10
🇭🇰 Italians · Hong Kong SAR China
1274
+18
721
+32
🇻🇳 Huns · Vietnam
1327
-19
🇩🇪 Bohemians · Germany
1311
-18
🇨🇳 Hindustanis · China
1292
-17
🇦🇺 Persians · Australia
1259
-16
Skipper
10:08 Feudal Age
11:24 Loom
14:18 Castle Age
12:09 Double-Bit Axe
13:49 Horse Collar
16:29 Bow Saw
25:18 Imperial Age
24:47 Chemistry
23:56 Pikeman
28:03 Wheelbarrow
28:42 Halberdier
Waetla
10:53 Feudal Age
11:15 Double-Bit Axe
11:28 Horse Collar
15:27 Castle Age
17:17 Loom
Ky
10:20 Feudal Age
14:17 Castle Age
12:45 Double-Bit Axe
12:42 Horse Collar
16:11 Bow Saw
16:21 Heavy Plow
23:01 Wheelbarrow
22:34 Scale Barding Armor
22:42 Forging
22:38 Scale Barding Armor
22:02 Pikeman
23:19 Wheelbarrow
24:03 Bloodlines
23:53 Husbandry
25:21 Scale Mail Armor
26:43 Chain Mail Armor
笑春风
10:46 Feudal Age
14:35 Castle Age
12:23 Double-Bit Axe
12:34 Horse Collar
13:38 Scale Mail Armor
16:27 Wheelbarrow
16:40 Fletching
23:42 Bow Saw
24:39 Gold Mining
28:20 Imperial Age
25:46 Stone Mining
26:51 Forging
26:56 Chain Mail Armor
27:18 Squires
27:05 Arson
28:17 Iron Casting
小白妈妈
8:17 Loom
10:30 Feudal Age
11:44 Double-Bit Axe
14:41 Castle Age
13:17 Horse Collar
19:23 Scale Barding Armor
23:29 Town Watch
25:59 Chain Barding Armor
30:25 Wheelbarrow
小公子
9:36 Feudal Age
13:13 Castle Age
11:36 Double-Bit Axe
11:32 Horse Collar
25:27 Imperial Age
22:57 Fletching
23:38 Padded Archer Armor
23:57 Bow Saw
24:49 Bodkin Arrow
25:53 Leather Archer Armor
27:13 Chemistry
27:10 Bracer
此身为剑所天成
10:06 Loom
11:51 Feudal Age
16:18 Castle Age
15:15 Double-Bit Axe
15:13 Horse Collar
17:43 Bow Saw
23:19 Bow Saw
23:33 Heavy Plow
31:29 Imperial Age
G2_pizza
10:37 Feudal Age
11:41 Loom
11:48 Loom
11:53 Double-Bit Axe
14:56 Castle Age
12:52 Gold Mining
12:56 Horse Collar
17:39 Sanctity
17:32 Redemption
19:20 Fervor
23:22 Bow Saw
29:25 Heavy Plow
30:28 Wheelbarrow
Connection lost

Rejoining the realm…

Still unreachable

The connection could not be restored.

Session expired

The server has moved on; the page needs a fresh start.